 Dungeon Crawl Stone Soup version 0.25-a0-424-g80bd347ae0 (webtiles) character file.

Game seed: 5022769067828081528, levelgen mode: deterministic

47898 Lugonue the Nimble (level 14, -2/99 HPs)
             Began as a Demonspawn Gladiator on Jan 20, 2020.
             Was a High Priest of Hepliaklqana.
             Slain by a tentacled starspawn (31 damage)
             ... on level 1 of the Abyss.
             The game lasted 01:11:59 (14539 turns).

Lugonue the Nimble (Demonspawn Gladiator)          Turns: 14539, Time: 01:12:05

Health: -2/99      AC: 10    Str: 21      XL:     14   Next: 10%
Magic:  0/23       EV: 30    Int: 20      God:    Hepliaklqana [*****.]
Gold:   1217       SH: 11    Dex: 25 (26) Spells: 13/13 levels left

rFire    + . .     SeeInvis +   C - +7 falchion of Execution {freeze, Str+4 Int+8}
rCold    + + .     Gourm    .   E - +0 buckler
rNeg     . . .     Faith    .   j - +0 troll leather armour
rPois    .         Spirit   +   s - +2 helmet {SInv}
rElec    .         Reflect  +   O - +1 cloak
rCorr    .         Harm     .   (no gloves)
MR       +....                  (no boots)
Stlth    +++++.....             K - amulet "Cocud" {Reflect Dex+4 SH+4}
HPRegen  0.66/turn              U - ring of magical power
MPRegen  0.18/turn              o - ring of protection from cold

@: agile
A: reduced essence, hooves 2, repulsion field 1, cold resistance 1, fire
resistance 1, mutation resistance 1, strong 1, magic shield, freezing cloud
immunity, subdued magic 1
a: Recall Ancestor, Ancestor Identity, Transference, Idealise, Renounce Religion


You were on level 1 of the Abyss.
You worshipped Hepliaklqana.
Hepliaklqana was extremely pleased with you.
You were not hungry.

You visited 2 branches of the dungeon, and saw 16 of its levels.
You visited the Abyss 1 time.
You also visited: Ice Cave.

You collected 1217 gold pieces.

Inventory:

Hand Weapons
 a - a +0 trident of electrocution
 h - a +0 antimagic trident
 l - a +1 dagger of draining
 r - a +5 demon trident of draining
 C - the +7 falchion of Execution (weapon) {freeze, Str+4 Int+8}
   (You found it on level 11 of the Dungeon)

   It has been specially enchanted to freeze those struck by it, causing extra
   injury to most foes and up to half again as much damage against particularly
   susceptible opponents.
   It can also slow down cold-blooded creatures.
   It affects your strength (+4).
   It affects your intelligence (+8).
 D - a +2 scimitar of flaming
 L - a +0 vorpal long sword
Armour
 j - a +0 troll leather armour (worn)
 s - a +2 helmet of see invisible (worn)
 u - a +2 hat of intelligence
 w - a +1 leather armour of poison resistance
 E - a +0 buckler (worn)
 I - a +1 chain mail of poison resistance
 O - a +1 cloak (worn)
 Q - +0 swamp dragon scales
Jewellery
 m - an uncursed ring of wizardry
 o - a ring of protection from cold (right hand)
 y - an uncursed amulet of the gourmand
 F - an uncursed amulet of faith
 K - the amulet "Cocud" (around neck) {Reflect Dex+4 SH+4}
   (You found it on level 10 of the Dungeon)

   [amulet of reflection]

   It shields you and reflects attacks.
   It affects your dexterity (+4).
   It affects your SH (+4).
 U - a ring of magical power (left hand)
Wands
 g - a wand of paralysis (6)
 x - a wand of acid (2)
 z - a wand of polymorph (21)
 H - a wand of disintegration (7)
 S - a wand of iceblast (4)
Scrolls
 b - a scroll of fear
 e - a scroll of enchant armour
 k - 10 scrolls of remove curse
 q - 4 scrolls of immolation
 v - a scroll of blinking
 A - 4 scrolls of teleportation
 G - 5 scrolls of identify
 R - 2 scrolls of fog
 T - a scroll of torment
Potions
 c - a potion of berserk rage
 d - 2 potions of lignification
 i - 2 potions of flight
 n - 3 potions of brilliance
 p - 3 potions of curing
 B - a potion of cancellation
 J - a potion of might
 M - 2 potions of magic
 N - a potion of heal wounds
 P - 2 potions of haste
Comestibles
 f - 18 rations


   Skills:
 + Level 10.5 Fighting
 - Level 8.3(10.9) Short Blades
 - Level 11.2(12.2) Long Blades
 - Level 3.4 Polearms
 - Level 1.8 Throwing
 + Level 6.0 Armour
 + Level 11.4 Dodging
 - Level 6.7 Stealth
 + Level 6.2 Shields


You had 13 spell levels left.
You didn't know any spells.
Your spell library contained the following spells:

 Spells                   Type           Power        Failure   Level  Hunger
 Sting                    Tmut/Pois      #...         19%         1    ##.....
 Confusing Touch          Hex            #.......     50%         3    ####...
 Gell's Gravitas          Tloc           #.........   50%         3    ####...
 Ignite Poison            Fire/Tmut/Pois #.......     50%         3    ####...
 Petrify                  Tmut/Erth      #.......     89%         4    #####..
 Alistair's Intoxication  Tmut/Pois      #.......     99%         5    ######.
 Metabolic Englaciation   Hex/Ice        #.........   99%         5    ######.
 Yara's Violent Unravell  Hex/Tmut       #.........   99%         5    ######.
 Hydra Form               Tmut           #.........   100%        6    #######


Dungeon Overview and Level Annotations

Branches:
Dungeon (13/15)            Temple (0/1) D:4            Lair (3/6) D:8
 Shoals (0/4) Lair:3        Snake (0/4) Lair:3          Orc (0/2) D:10
 Vaults (0/5) D:13          IceCv (visited)

Altars:
Ashenzari
Cheibriados
Dithmenos
Elyvilon
Fedhas
Hepliaklqana
Kikubaaqudgha
Nemelex Xobeh
Okawaru
Qazlal
Ru
Sif Muna
Trog
Vehumet
Xom
The Shining One
Beogh
Jiyva

Shops:
D:11 %

Annotations:
D:5 2 runed translucent doors, exclusion: statue
D:10 3 runed translucent doors, exclusion: orange crystal statue
Lair:3 Sonja


Innate Abilities, Weirdness & Mutations

You have hoof-like feet.
You are surrounded by a mild repulsion field. (EV +2)
Your flesh is cold resistant. (rC+)
When hurt, damage is shared between your health and your magic reserves.
You are immune to freezing clouds.
Your life essence is reduced to manifest your ancestor. (-10% HP)
Your flesh is heat resistant. (rF+)
You are somewhat resistant to further mutation.
Your muscles are strong. (Str +2)
Your spells are a little easier to cast, but a little less powerful.


Message History

You kill the quasit!
You feel much better. The ice devil hits you. The ice devil freezes you.
You resist.
A raiju comes into view.
You block the starspawn tentacle's attack.
You block the tentacled starspawn's attack.
The tentacled starspawn engulfs you!
* * * LOW HITPOINT WARNING * * *
The raiju barks!
Pidarok hits the deep elf mage with a +0 dagger of draining.
Pidarok drains the deep elf mage.
The deep elf mage hits Pidarok but does no damage.
You hear a shout!
You slash the tentacled starspawn! You freeze the tentacled starspawn.
You kick the tentacled starspawn!
The tentacled starspawn is almost destroyed.
You block the ice devil's attack.
The starspawn tentacle closely misses you.
The tentacled starspawn bites you!!
You die...

. ##..# # . ..###..
.... # . # #. ##.#
.# .## ## #######.#
## .#.##.##..#.#.##
#.....#.....#.....#
...................
.. ................
.
.........@........
.#...h.#..wX4#.....
#. .###.│R## ...#
#. .. #..w.e# .. .
.............. .
...............
..............4 .
....#.....#.....
...# #. .###. e#


You could see the friendly Pidarok the hexer, a tentacled starspawn, an ice
devil, a deep elf mage, a raiju and 2 starspawn tentacles.

Vanquished Creatures
  Frances (D:12)
  Gastronok (Lair:3)
  A frost giant (IceCv)
  A hydra (Lair:2)
  2 centaur warriors
  2 dancing weapons (D:13)
  A two-headed ogre (D:13)
  Urug (D:10)
  An unseen horror (D:12)
  Pikel (D:6)
  A wolf spider zombie (D:13)
  2 ugly things (D:11)
  2 manticores
  A cyclops (D:10)
  3 elephants (Lair:1)
  A deep elf mage (D:13)
  2 centaur zombies
  An ice statue (IceCv)
  Maurice (D:8)
  A black mamba (Lair:1)
  A gargoyle (D:12)
  Maggie (Lair:2)
  2 spiny frogs (Lair:1)
  A kobold demonologist (D:10)
  2 rime drakes (Lair:2)
  An efreet (D:13)
  4 komodo dragons (Lair:2)
  A hellwing (Abyss:1)
  2 trolls
  12 polar bears (IceCv)
  5 blink frogs
  6 slime creatures
  5 hippogriffs
  36 yaks
  2 wyverns
  A wraith (Abyss:1)
  A vampire (D:13)
  4 hogs (D:7)
  A human (D:7)
  2 hungry ghosts
  A basilisk (Lair:2)
  7 vampire mosquitoes (D:12)
  A naga (Lair:3)
  2 acid dragons (D:10)
  5 water moccasins
  A hell hound (Abyss:1)
  3 porcupines
  3 ice beasts
  2 sky beasts (D:7)
  6 orc warriors
  5 black bears
  A phantom (D:10)
  An eye of draining (D:10)
  4 necrophages
  5 centaurs
  8 ogres
  15 wolves (IceCv)
  7 crocodiles
  11 bullfrogs
  A big kobold (D:13)
  A gnoll sergeant (D:12)
  A small abomination (Abyss:1)
  8 scorpions
  2 killer bees (D:5)
  8 wights
  A howler monkey (D:10)
  An electric eel (Lair:1)
  A vampire bat (D:3)
  3 crimson imps
  3 quasits
  7 hounds
  9 jellies
  8 orc wizards
  9 orc priests
  A hexer (D:7)
  10 worker ants
  2 iguanas
  A worker ant zombie (D:10)
  3 gnolls (D:12)
  2 howler monkey skeletons (D:10)
  12 adders
  5 shadow imps
  An ufetubus (Abyss:1)
  An adder zombie (D:5)
  4 adder skeletons
  A worm (D:2)
  3 leopard geckos
  42 orcs
  5 bats
  A bat skeleton (D:3)
  5 bat zombies (D:3)
  9 giant cockroaches
  2 goblins (D:1)
  2 hobgoblins
  5 jackals
  5 quokkas
  2 ball pythons
  9 frilled lizards
  15 kobolds
  A leopard gecko skeleton (D:4)
  7 rats
424 creatures vanquished.

Vanquished Creatures (collateral kills)
  Erica (D:9)
  An unseen horror (D:10)
  A centaur zombie (D:11)
  Joseph (D:7)
  A spiny frog (Lair:1)
  A komodo dragon (Lair:2)
  A rime drake (IceCv)
  A troll (D:12)
  2 polar bears (IceCv)
  Grinder (D:5)
  A hippogriff (Lair:2)
  A wraith (D:12)
  Sigmund (D:6)
  8 yaks
  A large abomination (Abyss:1)
  A soldier ant (D:13)
  2 water moccasins
  An orc warrior (D:11)
  2 black bears (D:7)
  A phantom (D:6)
  A necrophage (D:12)
  A centaur (D:6)
  2 bullfrogs
  A wyvern skeleton (D:7)
  A wight (D:12)
  2 crimson imps
  A quasit (Abyss:1)
  2 orc priests
  A hound (D:11)
  Natasha (D:4)
  3 orc wizards
  A hound skeleton (D:8)
  A worker ant zombie (D:5)
  An adder zombie (D:5)
  An adder skeleton (D:6)
  9 orcs
  A jackal (D:5)
  2 quokkas
  A giant cockroach zombie (D:5)
  A leopard gecko skeleton (D:4)
64 creatures vanquished.

Vanquished Creatures (others)
  A polar bear (IceCv)
  A wolf (IceCv)
  7 hexers
  2 ancestors
  A quokka (D:7)
  5 plants (Lair:3)
  2 starspawn tentacles (Abyss:1)
19 creatures vanquished.

Grand Total: 507 creatures vanquished

Notes
Turn   | Place    | Note
-------+----------+-------------------------------------------
     0 | D:1      | Lugonue the Demonspawn Gladiator began the quest for the
                  | Orb.
     0 | D:1      | Reached XP level 1. HP: 16/16 MP: 1/1
   181 | D:1      | Gained mutation: You have large cloven feet. [demonic
                  | ancestry]
   181 | D:1      | Reached XP level 2. HP: 11/22 MP: 2/2
   570 | D:1      | You fall into a shaft and drop 1 floor!
   743 | D:2      | Gained mutation: Your flesh is cold resistant. (rC+)
                  | [demonic ancestry]
   743 | D:2      | Reached XP level 3. HP: 26/27 MP: 3/3
  1101 | D:3      | Found a shattered altar of Ashenzari.
  1457 | D:3      | Reached skill level 1 in Armour
  1480 | D:3      | Gained mutation: When hurt, damage is shared between your
                  | health and your magic reserves. [demonic ancestry]
  1480 | D:3      | Reached XP level 4. HP: 23/34 MP: 4/4
  1717 | D:3      | Found an ancient bone altar of Kikubaaqudgha.
  1730 | D:3      | Reached skill level 1 in Short Blades
  1870 | D:3      | Found a shimmering blue altar of Sif Muna.
  1978 | D:3      | Reached XP level 5. HP: 31/39 MP: 5/5
  2098 | D:4      | Found an iron altar of Okawaru.
  2111 | D:4      | Noticed an ogre
  2121 | D:4      | Killed an ogre
  2121 | D:4      | Reached skill level 1 in Stealth
  2121 | D:4      | Reached XP level 6. HP: 34/47 MP: 6/6
  2431 | D:4      | Found a hazy altar of Hepliaklqana.
  2442 | D:4      | Became a worshipper of Hepliaklqana the Forgotten
  2517 | D:4      | Found a staircase to the Ecumenical Temple.
  2522 | D:4      | Noticed Natasha
  2529 | D:4      | Gained mutation: You are surrounded by a mild repulsion
                  | field. (EV +2) [demonic ancestry]
  2529 | D:4      | Reached XP level 7. HP: 40/46 MP: 7/7
  2538 | D:4      | Killed Natasha
  2651 | D:5      | Entered Level 5 of the Dungeon
  2697 | D:5      | Found a stormy altar of Qazlal.
  2889 | D:5      | Found a runed translucent door.
  2890 | D:5      | Found a runed translucent door.
  3068 | D:5      | Found a radiant altar of Vehumet.
  3163 | D:5      | Noticed Grinder
  3176 | D:5      | Paralysed by Grinder for 3 turns
  3185 | D:5      | Killed Grinder
  3334 | D:5      | Identified the +2 leather armour "Ges Vadd" {rCorr Str-2
                  | Dex+3}
  3744 | D:5      | Reached skill level 5 in Dodging
  3744 | D:5      | Reached XP level 8. HP: 42/54 MP: 6/8
  3864 | D:5      | Found a snail-covered altar of Cheibriados.
  4160 | D:6      | Noticed Sigmund
  4174 | D:6      | Killed Sigmund
  4200 | D:6      | Reached * piety under Hepliaklqana
  4256 | D:6      | Reached skill level 5 in Short Blades
  4514 | D:6      | Noticed Pikel
  4589 | D:6      | Killed Pikel
  4589 | D:6      | Reached skill level 5 in Fighting
  4589 | D:6      | Gained mutation: You are immune to freezing clouds.
                  | [demonic ancestry]
  4589 | D:6      | Reached XP level 9. HP: 32/61 MP: 3/9
  5693 | D:7      | Gained mutation: You possess an exceptional clarity of
                  | mind. [potion of mutation]
  5693 | D:7      | Gained mutation: You occasionally shout uncontrollably at
                  | your foes. [potion of mutation]
  5693 | D:7      | Gained mutation: You have a pair of small antennae on your
                  | head. [potion of mutation]
  5693 | D:7      | Gained mutation: Your spells are a little harder to cast,
                  | but a little more powerful. [potion of mutation]
  5696 | D:7      | Lost mutation: You have a pair of small antennae on your
                  | head. [potion of mutation]
  5696 | D:7      | Lost mutation: You possess an exceptional clarity of mind.
                  | [potion of mutation]
  5696 | D:7      | Lost mutation: Your spells are a little harder to cast, but
                  | a little more powerful. [potion of mutation]
  5696 | D:7      | Gained mutation: Your spells are a little easier to cast,
                  | but a little less powerful. [potion of mutation]
  5696 | D:7      | Gained mutation: You are agile. (Dex +2) [potion of
                  | mutation]
  5696 | D:7      | Gained mutation: Your muscles are strong. (Str +2) [potion
                  | of mutation]
  5727 | D:7      | Found a glowing golden altar of the Shining One.
  5746 | D:7      | Noticed Joseph
  5773 | D:7      | Killed Joseph
  5783 | D:7      | Reached ** piety under Hepliaklqana
  5790 | D:7      | Remembered your ancestor Pidarok as a hexer
  5799 | D:7      | Reached skill level 5 in Armour
  5834 | D:7      | Found a white marble altar of Elyvilon.
  5881 | D:7      | Found a blossoming altar of Fedhas.
  5884 | D:7      | Found a shimmering altar of Xom.
  6001 | D:7      | Reached XP level 10. HP: 62/68 MP: 8/10
  6378 | D:8      | Found a staircase to the Lair.
  6506 | D:8      | Found a bloodstained altar of Trog.
  6622 | D:8      | Found a sacrificial altar of Ru.
  6675 | D:8      | Noticed Maurice
  6690 | D:8      | Killed Maurice
  6914 | D:8      | Lost mutation: You are agile. (Dex +2) [potion of mutation]
  6914 | D:8      | Lost mutation: You occasionally shout uncontrollably at
                  | your foes. [potion of mutation]
  6914 | D:8      | Lost mutation: Your muscles are strong. (Str +2) [potion of
                  | mutation]
  6914 | D:8      | Gained mutation: Your flesh is heat resistant. (rF+)
                  | [potion of mutation]
  6914 | D:8      | Gained mutation: Your muscles are strong. (Str +2) [potion
                  | of mutation]
  6914 | D:8      | Gained mutation: You are somewhat resistant to further
                  | mutation. [potion of mutation]
  6922 | D:9      | Found a sparkling altar of Nemelex Xobeh.
  6939 | D:9      | Found a shadowy altar of Dithmenos.
  6978 | D:9      | Noticed a centaur warrior
  7008 | D:9      | Killed a centaur warrior
  7008 | D:9      | Reached skill level 5 in Stealth
  7081 | D:9      | You fall into a shaft and drop 2 floors!
  7104 | D:11     | Found Vuotiora's Food Emporium.
  7601 | D:11     | Noticed a purple ugly thing
  7605 | D:11     | Got a warped falchion
  7618 | D:11     | Killed a purple ugly thing
  7626 | D:11     | Identified the +7 falchion of Execution {freeze, Str+4
                  | Int+8} (You found it on level 11 of the Dungeon)
  7628 | D:11     | Found a shimmering altar of Xom.
  7633 | D:11     | Reached *** piety under Hepliaklqana
  7749 | D:11     | Noticed a brown ugly thing
  7760 | D:11     | Killed a brown ugly thing
  7769 | D:11     | Gained mutation: You have hoof-like feet. [demonic
                  | ancestry]
  7769 | D:11     | Reached XP level 11. HP: 32/75 MP: 5/11
  8170 | D:12     | Noticed Frances
  8211 | D:12     | Killed Frances
  8528 | D:12     | Noticed a centaur warrior
  8546 | D:12     | Killed a centaur warrior
  8681 | D:12     | Reached skill level 5 in Long Blades
  8843 | D:12     | Found a viscous altar of Jiyva.
  8843 | D:12     | Noticed an unseen horror
  8870 | D:12     | Killed an unseen horror
  9068 | D:12     | Reached **** piety under Hepliaklqana
  9319 | D:13     | Reached XP level 12. HP: 44/82 MP: 7/12
  9552 | D:13     | Noticed a two-headed ogre
  9573 | D:13     | Killed a two-headed ogre
  9651 | D:13     | Reached skill level 10 in Long Blades
  9660 | D:13     | Found a gate to the Vaults.
 10193 | D:10     | Entered Level 10 of the Dungeon
 10193 | D:10     | Found a runed translucent door.
 10213 | D:10     | Found a runed translucent door.
 10244 | D:10     | Found a runed translucent door.
 10348 | D:10     | Reached ***** piety under Hepliaklqana
 10426 | D:10     | Found a roughly hewn altar of Beogh.
 10450 | D:10     | Found a staircase to the Orcish Mines.
 10532 | D:10     | Noticed Urug
 10545 | D:10     | Killed Urug
 10651 | D:10     | Reached skill level 1 in Shields
 10700 | D:10     | Identified the Compendium of Changing
 10711 | D:10     | Got a bound lead amulet
 10712 | D:10     | Identified the amulet "Cocud" {Reflect Dex+4 SH+4} (You
                  | found it on level 10 of the Dungeon)
 10731 | D:10     | Got an ancient hand axe
 10732 | D:10     | Identified the +10 hand axe of Butchery {vorpal, Dex+2}
                  | (You found it on level 10 of the Dungeon)
 10957 | D:10     | Found a runed translucent door.
 11274 | D:9      | Noticed Erica
 11284 | D:9      | Killed Erica
 11700 | Lair:1   | Entered Level 1 of the Lair of Beasts
 11713 | Lair:1   | Reached XP level 13. HP: 83/90 MP: 10/13
 12627 | Lair:2   | Reached skill level 10 in Dodging
 12803 | Lair:2   | Noticed Maggie
 12815 | Lair:2   | Killed Maggie
 13496 | Lair:3   | Found a staircase to the Snake Pit.
 13497 | Lair:3   | Noticed Sonja
 13568 | Lair:3   | Found a frozen archway.
 13568 | Lair:3   | Noticed Gastronok
 13585 | Lair:3   | Killed Gastronok
 13585 | Lair:3   | Reached skill level 10 in Fighting
 13603 | IceCv    | Entered an ice cave
 13776 | IceCv    | Reached skill level 5 in Shields
 14094 | IceCv    | Noticed a frost giant
 14130 | IceCv    | Reached XP level 14. HP: 66/99 MP: 9/14
 14143 | IceCv    | Killed a frost giant
 14224 | Lair:3   | Cast into level 1 of the Abyss (Sonja)
 14526 | Abyss:1  | Noticed a tentacled starspawn
 14539 | Abyss:1  | Slain by a tentacled starspawn

Levels and vault maps discovered:
D:1:      minmay_arrival_radiant_lines, layout_loops_ring, dk_noncrumbling_3,
          chequers_jeans
D:2:      layout_rooms
D:3:      layout_basic, kennysheep_vampire_church, marbit_many_paths,
          led_sif_pool, nicolae_overflow_hidden_temple, first_ration
D:4:      layout_rooms, okawaru_gym_becter, kennysheep_mini,
          minmay_temple_entry_hall, minmay_statues_item, uniq_natasha
D:5:      lemuel_insect_pit, layout_basic, overflow_temple_1_default,
          lemuel_coloured_pillars_altar, vehumet_statue, chequers_mini_garden,
          uniq_grinder
D:6:      layout_loops_corners, uniq_sigmund, uniq_pikel
D:7:      layout_cave_pools, elyvilon_altar_4, minitemple, grunt_livestock,
          tso_metal_star, uniq_joseph
D:8:      layout_gridville, overflow_temple_1_default, kennysheep_mini_moat,
          dpeg_oklobed_lair, nicolae_straight_to_the_point, uniq_maurice
D:9:      layout_long_grid, lemuel_crystal_altar, lemuel_crystal_altar,
          uniq_erica
D:10:     minmay_the_grid_triangle_9x9_recursive_2_mashed
          [minmay_the_grid_triangle_9x9_prize_insulated,
          minmay_the_grid_triangle_9x9_alien,
          minmay_the_grid_triangle_9x9_corrupted_corridor,
          minmay_the_grid_triangle_9x9_sprig], layout_irregular_city,
          david_orc_5, minmay_statue_crystal_thing, uniq_urug
D:11:     layout_basic, serial_shops, shop, xom_teletrap_fun
D:12:     layout_gridville, st_stairs_4, jiyva_altar_1, uniq_frances
D:13:     layout_irregular_city, erik_vaults_1, st_stairs_10, hex_large
Lair:1:   layout_long_grid, gammafunk_lair_bear_cave
Lair:2:   layout_cave_pods, beast_lair_carwin_8, uniq_maggie
Lair:3:   layout_big_grid, minmay_shoals_entry_centaurs,
          minmay_snake_entry_guardpost_small, portal_ice_cave_entry_pillars_1,
          minmay_holes, uniq_gastronok, uniq_sonja
Abyss:1:  base: D:11, minivault_27, bh_abyss_xom_lugonu_altar

Skill      XL: |  1  2  3  4  5  6  7  8  9 10 11 12 13 14 |
---------------+-------------------------------------------+-----
Polearms       | 3 |  3.4
Dodging        | 3 4 5 6 7 8 9 11 | 11.4
Armour         | 1 2 3 4 5 6 |  6.0
Short Blades   | 1 2 3 4 5 7 8 |  8.3
Fighting       | 3 5 6 7 8 10 | 10.5
Stealth        | 1 2 3 4 5 6 |  6.7
Long Blades    | 8 11 | 11.2
Shields        | 1 5 6 |  6.2
Throwing       | |  1.8

Action                   |  1- 3 |  4- 6 |  7- 9 | 10-12 | 13-15 || total
-------------------------+-------+-------+-------+-------+-------++-------
Melee: Trident           |    64 |       |       |       |       ||    64
       Kick              |    19 |    38 |   140 |   286 |   303 ||   786
       Dagger            |    52 |   139 |   449 |   185 |       ||   825
       Falchion          |       |       |       |   492 |   515 ||  1007
       Scimitar          |       |       |       |       |     9 ||     9
Throw: Throwing net      |       |     1 |     2 |     1 |       ||     4
Invok: Ancestor Identity |       |       |     3 |       |       ||     3
       Recall Ancestor   |       |       |     1 |     2 |     7 ||    10
       Ancestor Life: He |       |       |     1 |       |       ||     1
       Transference      |       |       |       |       |     1 ||     1
Evoke: Wand              |       |       |       |     6 |     2 ||     8
  Use: Scroll            |     6 |     1 |    10 |     7 |     8 ||    32
       Potion            |       |     1 |     6 |     6 |     3 ||    16
 Stab: Sleeping          |     1 |     1 |     4 |    17 |    10 ||    33
       Held in net/web   |       |     1 |     1 |       |       ||     2
       Distracted        |       |     1 |     2 |     6 |    11 ||    20
       Confused          |       |       |       |     9 |     9 ||    18
       Paralysed         |       |       |       |     1 |       ||     1
  Eat: Chunk             |     2 |       |     3 |     2 |     4 ||    11
       Ration            |       |     1 |     3 |     5 |     2 ||    11
Armor: Leather armour    |    28 |    40 |    61 |    50 |       ||   179
       Troll leather arm |       |       |       |    48 |    61 ||   109
Dodge: Dodged            |    68 |   103 |   314 |   458 |   367 ||  1310
Block: Buckler           |       |       |       |    65 |   231 ||   296
       Reflection        |       |       |       |     1 |     4 ||     5
       Rpst.: Falchion   |       |       |       |    99 |    73 ||   172

Table legend:
 A = Non-vault XP
 B = Vault XP
 C = Vault XP percentage of total XP
 D = Non-vault monster count
 E = Vault monster count
 F = Vault count percentage of total count
                 A         B        C        D         E       F
            +---------+---------+-------+---------+---------+-------
      Total |   35481 |   32945 |  48.1 |     351 |     137 |  28.1
            +---------+---------+-------+---------+---------+-------
        D:1 |      21 |       0 |   0.0 |      14 |       0 |   0.0
        D:2 |      30 |       0 |   0.0 |      11 |       0 |   0.0
        D:3 |      81 |      65 |  44.5 |      18 |       8 |  30.8
        D:4 |     549 |      35 |   6.0 |      22 |       1 |   4.3
        D:5 |     633 |     272 |  30.1 |      36 |       1 |   2.7
        D:6 |    1082 |     863 |  44.4 |      22 |       2 |   8.3
        D:7 |    1269 |    1424 |  52.9 |      17 |       6 |  26.1
        D:8 |    1183 |     472 |  28.5 |      20 |       1 |   4.8
        D:9 |    1580 |     923 |  36.9 |      14 |       1 |   6.7
       D:10 |    1482 |    4192 |  73.9 |      17 |      38 |  69.1
       D:11 |    2838 |       0 |   0.0 |      21 |       0 |   0.0
       D:12 |    5666 |    4246 |  42.8 |      41 |       8 |  16.3
       D:13 |    5842 |    3181 |  35.3 |      38 |       6 |  13.6
     Lair:1 |    5701 |     310 |   5.2 |      23 |       3 |  11.5
     Lair:2 |    4423 |    2430 |  35.5 |      18 |       8 |  30.8
     Lair:3 |    1504 |    2446 |  61.9 |       7 |       2 |  22.2
    Abyss:1 |    1597 |       0 |   0.0 |      12 |       0 |   0.0
      IceCv |       0 |   12086 | 100.0 |       0 |      52 | 100.0
            +---------+---------+-------+---------+---------+-------
